 Dungeon Crawl Stone Soup version 0.21.0 (webtiles) character file.

2152 Suckerboh the Basher (level 9, -2/75 HPs)
             Began as a Minotaur Gladiator on Jan 5, 2018.
             Slain by a hornet (14 damage)
             ... on level 7 of the Dungeon.
             The game lasted 00:10:36 (5729 turns).

Suckerboh the Basher (Minotaur Gladiator)           Turns: 5729, Time: 00:10:39

Health: -2/75      AC:  9    Str: 19    XL:     9   Next: 10%
Magic:  8/8        EV: 13    Int:  5    God:
Gold:   300        SH:  0    Dex: 15    Spells: 8/8 levels left

rFire    . . .     SeeInvis .   a - +2 mace (protect)
rCold    . . .     Gourm    .   (no shield)
rNeg     . . .     Faith    .   t - +0 scale mail
rPois    .         Spirit   .   c - +0 hat
rElec    .         Reflect  .   p - +0 cloak
rCorr    .         Harm     .   (no gloves)
MR       .....                  (no boots)
Stlth    ..........             (no amulet)
HPRegen  0.22/turn              (no ring)
MPRegen  0.11/turn              (no ring)

@: lethally poisoned (-2 -> -8)
A: retaliatory headbutt, horns 2
a: no special abilities


You were on level 7 of the Dungeon.
You were hungry.

You visited 2 branches of the dungeon, and saw 8 of its levels.

You collected 344 gold pieces.
You spent 44 gold pieces at shops.

Inventory:

Hand Weapons
 a - a +2 mace of protection (weapon)
 n - a cursed -2 mace
 o - a +2 mace of venom
 s - a +0 flail
Missiles
 d - 3 throwing nets (quivered)
Armour
 b - a +0 leather armour
 c - a +0 hat (worn)
 p - a +0 cloak (worn)
 t - a +0 scale mail (worn)
Jewellery
 v - an uncursed ring of flight {unknown}
 A - an uncursed ring of fire {unknown}
 D - a +4 ring of evasion {unknown}
 F - an uncursed ring of fire {unknown}
 M - an uncursed ring of positive energy {unknown}
Wands
 y - a wand of enslavement (3)
Scrolls
 e - 8 scrolls of identify {unknown}
 g - 4 scrolls of remove curse {unknown}
 h - 5 scrolls of teleportation {unknown}
 i - 4 scrolls of fog {unknown}
 w - a scroll of fear {unknown}
 B - a scroll of noise {unknown}
 C - 2 scrolls of blinking {unknown}
 E - a scroll of amnesia {unknown}
 G - 2 scrolls of magic mapping {unknown}
 H - a scroll of vulnerability {unknown}
 J - a scroll of immolation {unknown}
 L - a scroll of enchant weapon {unknown}
Potions
 j - 2 potions of lignification {unknown}
 k - 2 potions of haste
 l - 2 potions of heal wounds
 m - a potion of berserk rage {unknown}
 q - 2 potions of ambrosia {unknown}
 r - a potion of flight {unknown}
 x - 2 potions of mutation {unknown}
 z - a potion of might
 K - a potion of cancellation {unknown}
Books
 u - a book of Changes

   Spells                             Type                      Level
   a - Beastly Appendage              Transmutation                1
   b - Sticks to Snakes               Transmutation                2
   c - Spider Form                    Transmutation/Poison         3
   d - Ice Form                       Ice/Transmutation            4
   e - Blade Hands                    Transmutation                5
 I - a book of Necromancy

   Spells                             Type                      Level
   a - Pain                           Necromancy                   1
   b - Animate Skeleton               Necromancy                   1
   c - Vampiric Draining              Necromancy                   3
   d - Regeneration                   Charms/Necromancy            3
   e - Animate Dead                   Necromancy                   4
   f - Borgnjor's Vile Clutch         Necromancy/Earth             5
Comestibles
 f - 10 rations


   Skills:
 + Level 6.2 Fighting
 + Level 10.4 Maces & Flails
 - Level 2.0 Throwing
 + Level 7.0 Armour
 + Level 5.5 Dodging
 + Level 0.1 Evocations


You had 8 spell levels left.
You didn't know any spells.

Dungeon Overview and Level Annotations

Branches:
Dungeon (7/15)             Temple (1/1) D:6

Altars:
Ashenzari
Cheibriados
Dithmenos
Elyvilon
Fedhas
Gozag
Hepliaklqana
Kikubaaqudgha
Makhleb
Nemelex Xobeh
Qazlal
Ru
Sif Muna
Trog
Uskayaw
Vehumet
Xom
Yredelemnul
Zin
The Shining One

Shops:
D:4 *


Innate Abilities, Weirdness & Mutations

You reflexively headbutt those who attack you in melee.
You have a pair of horns on your head.


Message History

Gang up on whom?
Press: ? - help, Dir - move target cursor, f - spriggan baker, p - hornet
Aim: a spriggan baker, wielding a dagger and wearing a robe Attack!
Your hornet stings something but does no damage.
Something hits your hornet.
Your hornet stings something.
Reactivating autopickup.
You feel a bit more experienced.
Your hornet barely misses the spriggan baker.
The hornet is no longer charmed.
The hornet stings you!
You suddenly lose the ability to move!
You can move again.
You feel sick.
You are no longer poisoned.
The hornet stings you!
* * * LOW HITPOINT WARNING * * *
You are poisoned.
You shrug off the repeated paralysis!
The hornet stings you!
You die...

#.#.# #.##.###.#
####### #...#
#.##.# #.# #......
#...# #.##.#
#.###.####. #.#.##
#.##.# #..##.#....
#.###.##
#........#.....##.
...# ##.#
####.####.##......
#.. ##..####### ..
... #######
#....#.#.oo{iy(#
#####
.........#####@#
##..#####.# #)#
#.. ..##.# #.# ...
#.##.# #.#
#.##.##.# #.#
#.......# #.#
##.....## #.#
#.....# #.#
#...>.# #..


You could see a hornet, a spriggan baker and 2 orcs.

Vanquished Creatures
  The ghost of Nattefrost the Spear-Bearer, an amateur MfGl (D:4)
  A hippogriff (D:7)
  A water moccasin (D:7)
  An orc warrior (D:6)
  Duvessa (D:5)
  A black bear (D:6)
  4 ogres
  Dowan (D:5)
  2 howler monkeys
  A crimson imp (D:7)
  A jelly (D:6)
  An orc wizard (D:6)
  A gnoll shaman (D:6)
  4 hounds
  Crazy Yiuf (D:2)
  A bullfrog skeleton (D:4)
  3 iguanas (D:6)
  Terence (D:3)
  Natasha (thrice) (D:2)
  3 worker ants
  A hound skeleton (D:6)
  4 gnolls (D:6)
  9 adders
  A shadow imp (D:5)
  3 worms
  10 dart slugs
  4 leopard geckos
  13 orcs
  4 giant cockroaches
  5 hobgoblins
  13 jackals
  A quokka (D:2)
  A ball python (D:1)
  A ball python skeleton (D:4)
  A ball python zombie (D:6)
  5 bats
  4 frilled lizards
  5 goblins
  3 kobolds
  A leopard gecko skeleton (D:5)
  A quokka zombie (D:5)
  7 rats
130 creatures vanquished.

Vanquished Creatures (collateral kills)
  An orc warrior (D:7)
  2 orc wizards (D:7)
  A bullfrog skeleton (D:7)
  3 orcs (D:7)
  A quokka (D:7)
8 creatures vanquished.

Grand Total: 138 creatures vanquished

Notes
Turn   | Place    | Note
-------+----------+-------------------------------------------
     0 | D:1      | Suckerboh the Minotaur Gladiator began the quest for the Orb.
     0 | D:1      | Reached XP level 1. HP: 18/18 MP: 0/0
   270 | D:1      | Reached XP level 2. HP: 25/25 MP: 1/1
   421 | D:1      | Reached skill level 4 in Maces & Flails
   976 | D:2      | Reached XP level 3. HP: 26/30 MP: 2/2
  1000 | D:2      | Found a runed door.
  1004 | D:2      | Noticed Crazy Yiuf
  1010 | D:2      | Killed Crazy Yiuf
  1134 | D:2      | Noticed Natasha
  1140 | D:2      | Killed Natasha
  1140 | D:2      | Reached skill level 5 in Maces & Flails
  1140 | D:2      | Reached skill level 1 in Armour
  1140 | D:2      | Reached XP level 4. HP: 22/38 MP: 3/3
  1395 | D:2      | Found a burning altar of Makhleb.
  1475 | D:2      | Noticed Natasha
  1479 | D:2      | Killed Natasha
  1479 | D:2      | Reached XP level 5. HP: 37/45 MP: 4/4
  1520 | D:2      | Noticed Natasha
  1531 | D:2      | Killed Natasha
  1924 | D:3      | Noticed Terence
  1937 | D:3      | Killed Terence
  1937 | D:3      | Reached skill level 6 in Maces & Flails
  2424 | D:4      | Reached XP level 6. HP: 46/52 MP: 5/5
  2468 | D:4      | Found Replipenyrph's General Store.
  2471 | D:4      | Bought a potion of might for 44 gold pieces
  2475 | D:4      | Found a bloodstained altar of Trog.
  2529 | D:4      | Found an opulent altar of Gozag.
  2787 | D:4      | Reached skill level 7 in Maces & Flails
  3040 | D:4      | Noticed Nattefrost's ghost (amateur MfGl)
  3503 | D:5      | Entered Level 5 of the Dungeon
  3566 | D:5      | Reached XP level 7. HP: 57/60 MP: 6/6
  3612 | D:5      | Noticed Duvessa
  3615 | D:5      | Noticed Dowan
  3620 | D:5      | Killed Duvessa
  3640 | D:5      | Killed Dowan
  3755 | D:5      | Found a white marble altar of Elyvilon.
  3937 | D:5      | Reached skill level 8 in Maces & Flails
  4316 | D:4      | Killed Nattefrost's ghost
  4316 | D:4      | Reached skill level 5 in Fighting
  4316 | D:4      | Reached skill level 5 in Dodging
  4316 | D:4      | Reached XP level 8. HP: 39/68 MP: 7/7
  4494 | D:6      | Found a blossoming altar of Fedhas.
  4614 | D:6      | Found a sacrificial altar of Ru.
  4619 | D:6      | Reached skill level 5 in Armour
  4850 | D:6      | Reached skill level 9 in Maces & Flails
  4951 | D:6      | Found a staircase to the Ecumenical Temple.
  4971 | Temple   | Entered the Ecumenical Temple
  5261 | D:6      | Reached skill level 10 in Maces & Flails
  5535 | D:7      | Noticed a hornet
  5538 | D:7      | Paralysed by a hornet for 3 turns
  5576 | D:7      | Noticed a hippogriff
  5590 | D:7      | Killed a hippogriff
  5590 | D:7      | Reached XP level 9. HP: 21/75 MP: 8/8
  5728 | D:7      | Paralysed by a hornet for 1 turns
  5729 | D:7      | Slain by a hornet

Skill      XL: |  1  2  3  4  5  6  7  8  9 |
---------------+----------------------------+-----
Maces & Flails | 4 5 6 7 8 10 | 10.4
Dodging        | 4 5 |  5.5
Fighting       | 3 4 5 6 |  6.2
Armour         | 1 2 3 4 6 7 |  7.0
Throwing       | |  2.0
Evocations     | |  0.1

Action                   |  1- 3 |  4- 6 |  7- 9 || total
-------------------------+-------+-------+-------++-------
Melee: Flail             |    49 |    49 |       ||    98
       Headbutt          |     7 |    21 |    36 ||    64
       Mace              |       |   119 |   184 ||   303
Evoke: Wand              |       |       |     5 ||     5
  Use: Potion            |       |       |     1 ||     1
  Eat: Chunk             |     1 |     5 |     2 ||     8
       Ration            |       |     1 |     1 ||     2
Armor: Leather armour    |     7 |    11 |       ||    18
       Scale mail        |       |    42 |    79 ||   121
Dodge: Dodged            |    34 |   104 |   114 ||   252
